Map: New Repugnancy LE

Players

Takker

  • Race: Protoss Protoss
  • League: Bronze
  • Spawn Location: 1:00

SmiLe - Winner!

  • Race: Zerg Zerg
  • League: Gold
  • Spawn Location: 7:00

VOD

Have the link to the VOD?

Description

Time

  • Played on: May 26, 2019, 6:09 p.m.
  • Length: 4:23
Show
View Real Time Build Order
Export as new Build Order

Takker Protoss 

Build Orders:  

Get SALT Encoding   

  12  0:02  Probe  
  13  0:14  Probe  
  14  0:27  Pylon  
  15  0:28  Probe  
  15  0:37  Assimilator  
  15  0:47  Probe  
  15  0:55  Probe, Pylon  
  16  1:00  Gateway  
  17  1:11  Pylon  
  17  1:13  Probe  
  18  1:26  Assimilator  
  18  1:27  Probe  
  19  1:39  Probe  
  20  1:48  Zealot  
  20  1:51  Probe  
  23  2:03  Probe  
  24  2:15  Zealot, Probe  
  27  2:27  Probe  
  27  2:39  Probe  
  27  2:42  Zealot  
  30  2:49  Nexus  
  30  2:51  Probe  
  30  2:56  Pylon  
  31  3:03  Probe  
  32  3:09  Zealot  
  34  3:19  Gateway  
  34  3:22  Pylon  
  34  3:29  Assimilator  
  33  3:41  Probe  
  21  3:53  Probe  
  18  4:05  Probe  
Show
View Real Time Build Order
Export as new Build Order

SmiLe Zerg - Winner!

Build Orders: Pool Only 

Get SALT Encoding   

  12  0:04  Drone  
  13  0:22  Spawning Pool  
  13  0:28  Drone  
  13  0:30  Drone  
  13  0:35  Extractor  
  13  1:05  Drone  
  14  1:13  Overlord x2  
  14  1:38  Metabolic Boost  
  14  1:41  Zergling x4  
  14  1:42  Zergling x2  
  14  1:43  Queen  
  19  2:04  Zergling x2  
  19  2:05  Zergling x2  
  21  2:26  Zergling x4  
  23  2:40  Roach Warren  
  22  2:52  Zergling x4  
  24  3:16  Zergling x8  
  27  3:42  Zergling x4  
Tags
 
Matchup
PvZ
Opening
Pool Only
Replay Pack
Up to May 28th
Spawn Locations
Cross Positions
Add a new tag
Caveats
  • Supply blocks, unpowered buildings, or Contaminate may cause inaccurate times.
  • Supply counts are checked every 10 seconds.